 Dungeon Crawl Stone Soup version 0.30-a0-458-g86641cc369 (webtiles) character file.

Game seed: 17088987814216269429

11729 Mitcholas the Cleaver (level 11, -29/97 HPs)
             Began as a Hill Orc Fighter on Dec 14, 2022.
             Was an Initiate of Yredelemnul.
             Annihilated by a death yak simulacrum (34 damage)
             ... in an ice cave.
             The game lasted 00:49:51 (10023 turns).

Mitcholas the Cleaver (Hill Orc Fighter)           Turns: 10023, Time: 00:49:51

Health: -29/97     AC: 21    Str: 24    XL:     11   Next: 82%
Magic:  18/18      EV:  7    Int:  8    God:    Yredelemnul [......]
Gold:   893        SH:  5    Dex: 10    Spells: 10/10 levels left

rFire   + . .      SeeInvis +    E - +1 war axe (flame)
rCold   . . .      Faith    +    c - +0 buckler
rNeg    . . .      Spirit   .    I - +2 plate armour {rF+}
rPois   .          Reflect  .    C - +0 helmet
rElec   .          Harm     .    i - scarf {repulsion}
rCorr   .          Rampage  .    f - +0 pair of gloves
Will    .....                    D - +1 pair of boots
Stlth   ..........               j - amulet of faith
HPRegen 0.36/turn                m - +4 ring of slaying
MPRegen 0.16/turn                J - ring of see invisible

@: studying Maces & Flails, repel missiles
A: no striking features
a: Renounce Religion, Recall Undead Harvest


You were in an ice cave.
You worshipped Yredelemnul.
Yredelemnul was aware of your devotion.
You visited 2 branches of the dungeon, and saw 12 of its levels.
You also visited: Bailey and Ice Cave.

You collected 893 gold pieces.

Inventory:

Hand Weapons
 E - a +1 war axe of flaming (weapon)
Missiles
 n - 11 poisoned darts (quivered)
Armour
 c - a +0 buckler (worn)
 f - a +0 pair of gloves (worn)
 i - a scarf of repulsion (worn)
 C - a +0 helmet (worn)
 D - a +1 pair of boots (worn)
 I - a +2 plate armour of fire resistance (worn)
Jewellery
 j - an amulet of faith (around neck)
 l - a +4 ring of slaying
 m - a +4 ring of slaying (left hand)
 J - a ring of see invisible (right hand)
Wands
 b - a wand of polymorph (12)
 s - a wand of acid (3)
 x - a wand of iceblast (9)
 B - a wand of flame (14)
 G - a wand of charming (6)
Scrolls
 a - 5 scrolls of teleportation
 e - 3 scrolls of fear
 g - 5 scrolls of identify
 h - 2 scrolls of poison
 q - 2 scrolls of enchant weapon
 w - 2 scrolls of amnesia
 y - a scroll of enchant armour
 z - 2 scrolls of immolation
 A - 2 scrolls of silence
 M - a scroll of fog
Potions
 d - a potion of might
 k - 3 potions of flight
 o - a potion of berserk rage
 p - 2 potions of cancellation
 r - 4 potions of heal wounds
 u - 4 potions of mutation
 v - 2 potions of brilliance
 F - a potion of resistance {unknown}
 H - a potion of lignification {unknown}
 K - 2 potions of ambrosia
 L - 8 potions of curing
 N - 2 potions of magic
 O - 2 potions of attraction {unknown}
Miscellaneous
 t - a tin of tremorstones (2/2)


   Skills:
 + Level 9.4 Fighting
 * Level 14.4 Axes
 + Level 8.6 Armour
 - Level 6.0 Shields
 * Level 10.0 Invocations
 - Level 6.0 Evocations


You had 10 spell levels left.
You didn't know any spells.
Your spell library contained the following spells:

 Spells                   Type           Power      Damage    Failure   Level
 Freeze                   Ice            0%         1d3       100%        1
 Dazzling Flash           Conj/Hex       0%         N/A       100%        3
 Frozen Ramparts          Ice            0%         1d1       100%        3
 Hailstorm                Conj/Ice       0%         3d3       100%        3
 Inner Flame              Hex/Fire       0%         N/A       100%        3
 Cause Fear               Hex            0%         N/A       100%        4
 Flame Wave               Conj/Fire      0%         2d4       100%        4
 Iskenderun's Mystic Bla  Conj/Tloc      0%         2d3       100%        4
 Sticky Flame             Conj/Fire      0%         2d3       100%        4
 Iskenderun's Battlesphe  Conj           0%         2d6       100%        5
 Iron Shot                Conj/Erth      0%         9d1       100%        6
 Starburst                Conj/Fire      0%         6d3       100%        6
 Spellforged Servitor     Conj/Summ      0%         N/A       100%        7
 Discord                  Hex            0%         N/A       100%        8


Dungeon Overview and Level Annotations

Branches:
Dungeon (11/15)            Temple (1/1) D:6            Lair (0/5) D:9
 Bailey (visited)           IceCv (1/1)
    Orc: D:9-12

Altars:
Ashenzari
Cheibriados
Dithmenos
Elyvilon
Fedhas
Gozag
Hepliaklqana
Nemelex Xobeh
Okawaru
Qazlal
Ru
Sif Muna
Trog
Uskayaw
Vehumet
Wu Jian
Xom
Yredelemnul
Zin
The Shining One

Shops:
D:3 [

Portals:
Abyss: D:9

Annotations:
D:3 2 runed translucent doors
D:9 2 transporters, Bediveer's ghost, novice MiHW
D:11 3 runed translucent doors, dixiedixie's ghost, journeyman FeBe


Message History

You slash the yak! You burn the yak.
The yak is almost dead.
The yak gores you but does no damage.
Your troll zombie closely misses the yak.
Your troll zombie barely misses the yak.
Your troll zombie claws the yak!
The yak dies!
The dead are walking!
Your Invocations skill increases to level 10!
You open the door.
There is a frozen archway here.
The world spins around you as you enter the gateway.
You enter an ice cave!
Found an ice covered gate leading back out of this place.
There is an ice choked empty arch of ancient stone here.
You block the wolf simulacrum's attack.
You barely miss the wolf simulacrum. You block the wolf simulacrum's attack.
You slash the wolf simulacrum!
You melt the wolf simulacrum!
The wolf simulacrum vaporises!
You hit the death yak simulacrum but do no damage.
You hit the cane toad simulacrum.
You melt the cane toad simulacrum.
The cane toad simulacrum is heavily damaged.
You hit the death yak simulacrum but do no damage.
The cane toad simulacrum hits you but does no damage.
The death yak simulacrum gores you. The death yak simulacrum freezes you!!
* * * LOW HITPOINT WARNING * * *
You are too injured to fight recklessly!
Unknown command.
You feel much better. The cane toad simulacrum hits you!
The cane toad simulacrum freezes you!
* * * LOW HITPOINT WARNING * * *
The elephant simulacrum tramples you.
* * * LOW HITPOINT WARNING * * *
You hold your ground!
The elephant simulacrum trunk-slaps you but does no damage.
The death yak simulacrum gores you!
* * * LOW HITPOINT WARNING * * *
The death yak simulacrum freezes you!!
You die...
Your body rises from the dead as a mindless zombie.

#### ##..##
##....###
#....Z..##..
#.∩.@Z......
#....Z.....#
##....##..##
##..## ##
####


You could see a death yak simulacrum, an elephant simulacrum and a cane toad
simulacrum.

Vanquished Creatures
  Pikel (D:7)
  A deep elf pyromancer (D:8)
  A cyclops (D:7)
  An unseen horror (D:11)
  A komodo dragon (D:7)
  A kobold demonologist (D:10)
  5 trolls
  A shadow (D:11)
  2 wyverns
  A wraith (D:11)
  9 yaks
  5 vampire mosquitoes (D:10)
  2 steam dragons
  Edmund (D:4)
  3 water moccasins (D:7)
  2 black bears
  5 orc warriors
  2 ice beasts
  A sky beast (D:5)
  An ogre (D:5)
  2 phantoms
  A centaur (D:8)
  4 lemures (D:7)
  A kobold brigand (D:10)
  A necrophage (D:5)
  2 bullfrogs
  2 gnoll sergeants
  5 scorpions
  2 wights (D:10)
  5 killer bees (D:10)
  3 howler monkeys
  A hound (D:5)
  5 orc priests
  Crazy Yiuf (D:4)
  3 jellies
  4 iguanas
  8 orc wizards
  A wolf simulacrum (IceCv)
  Robin (D:3)
  17 gnolls
  5 adders
  A shadow imp (D:7)
  2 white imps (D:7)
  3 ufetubi
  A worm (D:5)
  A dart slug (D:1)
  31 orcs
  5 ball pythons (D:1)
  4 bats
  6 endoplasms
  2 giant cockroaches (D:3)
  20 goblins
  9 hobgoblins
  7 jackals
  3 quokkas
  5 frilled lizards
  18 kobolds
  A rat (D:1)
239 creatures vanquished.

Vanquished Creatures (collateral kills)
  Erica (D:10)
  A gargoyle (D:7)
  A shadow (D:7)
  5 yaks
  A wight (D:10)
  A killer bee (D:10)
  2 howler monkeys (D:9)
  A gnoll bouda (D:8)
  An orc priest (D:10)
  An orc wizard (D:10)
  An orc (Bailey)
  2 kobolds (Bailey)
18 creatures vanquished.

Vanquished Creatures (others)
  A vampire (D:7)
  A vampire mosquito zombie (D:10)
  A komodo dragon zombie (D:7)
  3 water moccasin zombies (D:7)
  A cyclops zombie (D:7)
  A yak zombie (D:8)
  2 troll zombies (D:7)
  A bullfrog zombie (D:7)
  A centaur zombie (D:8)
  2 killer bee zombies (D:10)
  A howler monkey zombie (D:7)
  2 steam dragon zombies
  A spectral white imp (D:7)
  2 gnoll zombies (D:8)
  A goblin zombie (Bailey)
  2 hobgoblin zombies (Bailey)
  8 kobold zombies
  5 orc zombies
  A spectral ufetubus (D:7)
37 creatures vanquished.

Grand Total: 294 creatures vanquished

Notes
Turn   | Place    | Note
-------+----------+-------------------------------------------
     0 | D:1      | Mitcholas the Hill Orc Fighter began the quest for the Orb.
     0 | D:1      | Reached XP level 1. HP: 19/19 MP: 1/1
    39 | D:1      | Reached skill level 3 in Axes
   157 | D:1      | Reached XP level 2. HP: 26/26 MP: 2/2
   571 | D:1      | Reached skill level 4 in Axes
   881 | D:1      | Found a faded altar of an unknown god.
  1125 | D:2      | Reached XP level 3. HP: 31/31 MP: 3/3
  1485 | D:2      | Reached skill level 5 in Axes
  1801 | D:3      | Found a large runed translucent door.
  1801 | D:3      | Found a large runed translucent door.
  1928 | D:3      | Reached XP level 4. HP: 39/39 MP: 4/4
  1961 | D:3      | Reached skill level 6 in Axes
  2109 | D:3      | Found Niluety's Armour Shoppe.
  2286 | D:4      | Noticed Robin
  2290 | D:3      | Killed Robin
  2297 | D:4      | Reached XP level 5. HP: 38/46 MP: 5/5
  2563 | D:4      | Reached skill level 1 in Evocations
  2608 | D:4      | Noticed Edmund
  2614 | D:4      | Killed Edmund
  2615 | D:4      | Reached skill level 7 in Axes
  2615 | D:4      | Reached XP level 6. HP: 49/52 MP: 6/6
  2802 | D:4      | Noticed a black bear
  2814 | D:4      | Killed a black bear
  3015 | D:4      | Found an opulent altar of Gozag.
  3053 | D:4      | Found a shimmering blue altar of Sif Muna.
  3156 | D:4      | Reached XP level 7. HP: 60/60 MP: 7/7
  3433 | D:4      | Found a runed translucent door.
  3434 | D:4      | Noticed Crazy Yiuf
  3439 | D:4      | Killed Crazy Yiuf
  3593 | D:5      | Entered Level 5 of the Dungeon
  3714 | D:5      | Reached skill level 8 in Axes
  3964 | D:5      | Reached skill level 5 in Fighting
  4051 | D:5      | Reached XP level 8. HP: 68/68 MP: 8/8
  4152 | D:5      | Reached skill level 9 in Axes
  4152 | D:5      | Reached skill level 5 in Armour
  4195 | D:5      | Reached skill level 5 in Shields
  4198 | D:5      | Found an iron altar of Okawaru.
  5064 | D:6      | Reached XP level 9. HP: 71/75 MP: 9/9
  5128 | D:6      | Reached skill level 10 in Axes
  5574 | D:6      | Found a staircase to the Ecumenical Temple.
  5588 | Temple   | Entered the Ecumenical Temple
  5638 | Temple   | Became a worshipper of Yredelemnul the Dark
  5808 | D:7      | Noticed Pikel
  5845 | D:7      | Found a flagged portal.
  5857 | Bailey   | Entered a bailey
  5874 | Bailey   | Noticed an orc warlord
  5886 | Bailey   | Reached * piety under Yredelemnul
  5939 | Bailey   | Reached ** piety under Yredelemnul
  6024 | Bailey   | Found a runed translucent gate.
  6024 | Bailey   | Found a runed translucent gate.
  6042 | Bailey   | Found a runed translucent gate.
  6355 | D:7      | Killed Pikel
  6356 | D:7      | Reached skill level 11 in Axes
  6605 | D:7      | Reached skill level 5 in Evocations
  6664 | D:7      | Noticed a cyclops
  6672 | D:7      | Killed a cyclops
  6673 | D:7      | Reached *** piety under Yredelemnul
  6673 | D:7      | Reached XP level 10. HP: 38/86 MP: 11/13
  6869 | D:7      | Reached skill level 5 in Invocations
  6876 | D:7      | Your ally Pikel died
  6892 | D:7      | Reached skill level 12 in Axes
  6908 | D:7      | Noticed a gargoyle
  6921 | D:7      | Killed a gargoyle
  7286 | D:8      | Found a blossoming altar of Fedhas.
  7330 | D:8      | Found a sacrificial altar of Ru.
  7332 | D:8      | Noticed a deep elf pyromancer
  7342 | D:8      | Killed a deep elf pyromancer
  7410 | D:8      | Identified the +1 scale mail of the Original Sin {Fly rPois
                  | rCorr Int-3}
  7495 | D:8      | Reached skill level 13 in Axes
  7495 | D:8      | Reached XP level 11. HP: 88/95 MP: 16/16
  8082 | D:9      | Found a shadowy altar of Dithmenos.
  8086 | D:9      | Found a hide-covered altar of Uskayaw.
  8123 | D:9      | Found a stormy altar of Qazlal.
  8133 | D:9      | Found a white marble altar of Elyvilon.
  8272 | D:9      | Found a one-way gate to the infinite horrors of the Abyss.
  8272 | D:9      | Noticed Bediveer's ghost (novice MiHW)
  8272 | D:9      | Noticed a wizard
  8273 | D:9      | Noticed a green ugly thing
  8307 | D:9      | Found a staircase to the Lair.
  8313 | D:9      | Found a transporter.
  8549 | D:9      | Found a transporter.
  8683 | D:9      | Found a glowing golden altar of the Shining One.
  8809 | D:10     | Entered Level 10 of the Dungeon
  9502 | D:10     | Noticed Erica
  9514 | D:10     | Killed Erica
  9515 | D:10     | Reached skill level 14 in Axes
  9905 | D:11     | Noticed dixiedixie's ghost (journeyman FeBe)
  9906 | D:11     | Found a runed translucent gate.
  9907 | D:11     | Found a runed translucent gate.
  9907 | D:11     | Found a runed translucent gate.
  9989 | D:11     | Found a frozen archway.
 10005 | D:11     | Reached skill level 10 in Invocations
 10016 | IceCv    | Entered an ice cave
 10023 | IceCv    | Annihilated by a death yak simulacrum

Illustrated notes

Levels and vault maps discovered:
D:1:      scummos_arrival_star, layout_basic, basic_ecumenical_altar,
          minmay_door_square, minmay_shallow_snake_nest
D:2:      layout_basic, nicolae_elevator_lobby_asterisk
D:3:      layout_rooms, jmf_multi_god_temple2, serial_shops, shop
D:4:      layout_basic, nicolae_gozag_cash_rules_everything_around_me,
          kennysheep_orc_sif_temple, hex_large, uniq_crazy_yiuf_cottage,
          uniq_edmund, uniq_robin
D:5:      layout_layer_cave, marbit_many_paths, minmay_chambers_of_fives
D:6:      layout_basic, minmay_temple_entry_offerings
D:7:      minmay_the_grid_triangle_9x9_rhombus_thin
          [minmay_the_grid_triangle_9x9_intruding_spiral,
          minmay_the_grid_triangle_9x9_prize_schism,
          minmay_the_grid_triangle_9x9_impossible_snake,
          minmay_the_grid_triangle_9x9_thin_v], layout_rooms, enter_bailey_6,
          minmay_statues_item, uniq_pikel
D:8:      layout_basic, mainiacjoe_overflow_cross_hatched,
          mainiacjoe_overflow_catwalk, small_chamber_with_monster,
          feat_on_display
D:9:      layout_stronghold, nicolae_tso_swordbearing_angel,
          nicolae_qazlal_general_emergency, grunt_temple_overflow_open,
          elyvilon_altar_5, lair_entry_dummy, gammafunk_ghost_abyssal_escape
D:10:     layout_irregular_city, uniq_erica
D:11:     wander_kiku_kobolds, layout_irregular_city, hiddenorc2_lemuel,
          portal_ice_cave_entry_pillars_2, gammafunk_ghost_nasty_kobolds
Temple:   nicolae_temple_ecumenical_triangle
IceCv:    ice_cave_small_necro

Skill      XL: |  1  2  3  4  5  6  7  8  9 10 11 |
---------------+----------------------------------+-----
Axes           | 3 4 5 6 7 8 9 11 13 14 | 14.4
Evocations     | 1 2 3 5 6 |  6.0
Fighting       | 4 5 6 7 8 9 |  9.4
Armour         | 4 5 6 7 8 |  8.6
Shields        | 4 5 6 |  6.0
Invocations    | 4 7 10 | 10.0

Action                   |  1- 3 |  4- 6 |  7- 9 | 10-12 || total
-------------------------+-------+-------+-------+-------++-------
Melee: Hand axe          |    63 |    88 |   157 |       ||   308
       War axe           |       |       |    82 |   192 ||   274
Invok: Recall Undead Har |       |       |     1 |     8 ||     9
       Dark Bargain      |       |       |       |     5 ||     5
Evoke: Wand              |       |     3 |     5 |     1 ||     9
  Use: Scroll            |       |       |    20 |     5 ||    25
       Potion            |       |       |       |     1 ||     1
Armor: Scale mail        |    19 |     2 |       |       ||    21
       Plate armour      |       |    47 |    98 |   133 ||   278
Dodge: Dodged            |    18 |    22 |    34 |    51 ||   125
Block: Buckler           |    12 |    13 |    29 |    57 ||   111

Table legend: (Time is in decaauts)
 A = Elapsed time spent in this place.
 B = Non-inter-level travel time spent in this place.
 C = Inter-level travel time spent in this place.
 D = Time resting spent in this place.
 E = Time spent auto-exploring this place.
 F = Levels seen in this place.
 G = Mean time per level.
                   A        B        C        D        E       F      G
               +--------+--------+--------+--------+--------+-----+--------+
         Total |   9998 |   9234 |    764 |    907 |   5827 |  14 |  714.1 |
       Dungeon |   9679 |   8915 |    764 |    907 |   5792 |  11 |  879.9 |
        Temple |     56 |     56 |      0 |      0 |     35 |   1 |   56.0 |
        Bailey |    255 |    255 |      0 |      0 |      0 |   1 |  255.0 |
      Ice Cave |      6 |      6 |      0 |      0 |      0 |   1 |    6.0 |
               +--------+--------+--------+--------+--------+-----+--------+

Top non-repeatable levels by time:
     D:5: 1341 daAuts
     D:7: 1294 daAuts
     D:4: 1209 daAuts
     D:1: 1108 daAuts
    D:10: 1005 daAuts
     D:6: 931 daAuts
     D:9: 727 daAuts
     D:3: 699 daAuts
     D:2: 588 daAuts
     D:8: 584 daAuts
  Bailey: 255 daAuts
    D:11: 188 daAuts
  Temple: 56 daAuts
   IceCv: 6 daAuts
